AoeStats
← 太阳当空照

Arena

509090831Analyzed
3v3 RM · 8d ago on Sep 25, 2026· 39m 54s· 6 players
Game mode
Random Map
Map size
Normal (6 player)
Population
200
Speed
Normal
Resources
Standard
Victory
Conquest
Starting age
Dark Age
Ending age
Imperial Age
RankedLock teamsTeams togetherTeam positionsShared explorationLock speedFull tech treeHidden civsTurbo modeCheats
Victory
Defeat
🇨🇳 Spanish · China
1201
+14
🇨🇳 Huns · China
1186
+15
🇨🇳 Franks · China
1185
+15
🇳🇨 Varangians · New Caledonia
1231
-17
🇫🇷 Spanish · France
1139
-14
🇳🇨 Khmer · New Caledonia
1118
-13
Boy oh boy
10:23 Feudal Age
14:11 Castle Age
12:26 Horse Collar
13:23 Double-Bit Axe
16:37 Bow Saw
21:09 Heavy Plow
21:02 Loom
21:25 Stone Mining
28:23 Town Watch
29:15 Padded Archer Armor
32:17 Scale Barding Armor
32:22 Forging
34:07 Wheelbarrow
34:51 Chain Barding Armor
34:41 Forging
37:01 Stone Shaft Mining
37:04 Bloodlines
36:54 Husbandry
37:47 Forging
40:42 Imperial Age
40:06 Iron Casting
FyzhoSlow
6:51 Loom
10:04 Feudal Age
10:51 Double-Bit Axe
19:20 Castle Age
17:56 Padded Archer Armor
19:13 Bloodlines
20:15 Husbandry
20:33 Leather Archer Armor
21:28 Bow Saw
21:20 Horse Collar
31:57 Imperial Age
34:12 Chemistry
34:41 Elite Conquistador
35:43 Elite Conquistador
37:51 Ballistics
38:10 Ring Archer Armor
Chill Trip
6:08 Loom
9:33 Feudal Age
10:00 Double-Bit Axe
9:57 Horse Collar
19:12 Castle Age
18:21 Scale Barding Armor
18:44 Bloodlines
19:22 Forging
20:06 Bow Saw
19:59 Heavy Plow
24:38 Gold Mining
37:18 Imperial Age
35:14 Chain Barding Armor
35:47 Iron Casting
38:13 Husbandry
646257513
11:25 Feudal Age
16:01 Castle Age
14:16 Double-Bit Axe
14:32 Horse Collar
15:14 Gold Mining
29:51 Imperial Age
27:10 Loom
28:04 Wheelbarrow
27:14 Town Watch
28:10 Gold Shaft Mining
27:26 Stone Mining
27:51 Bow Saw
28:44 Padded Archer Armor
28:55 Forging
28:51 Scale Barding Armor
28:39 Fletching
28:57 Heavy Plow
29:35 Ballistics
29:18 Murder Holes
29:34 Masonry
29:44 Hand Cart
29:29 Town Patrol
30:37 Leather Archer Armor
30:57 Conscription
32:23 Chemistry
32:01 Iron Casting
31:47 Chain Barding Armor
32:45 Two-Man Saw
31:47 Heavy Cavalry Archer
32:30 Elite Skirmisher
36:07 Bodkin Arrow
37:26 Parthian Tactics
38:13 Thumb Ring
39:25 Bracer
40:25 Blast Furnace
40:01 Plate Barding Armor
39:31 Husbandry
39:42 Bloodlines
38:54 Cavalier
小虾米
11:10 Feudal Age
15:16 Castle Age
13:21 Double-Bit Axe
13:56 Horse Collar
14:19 Loom
15:02 Padded Archer Armor
16:31 Leather Archer Armor
18:01 Bow Saw
21:57 Town Watch
33:21 Imperial Age
31:26 Wheelbarrow
32:00 Fortified Wall
32:11 Ballistics
35:23 Chemistry
35:00 Bloodlines
34:51 Husbandry
35:27 Conscription
36:06 Sappers
37:41 Light Cavalry
太阳当空照
10:59 Feudal Age
15:15 Castle Age
13:33 Double-Bit Axe
17:35 Bow Saw
17:48 Loom
20:29 Wheelbarrow
21:36 Hand Cart
26:51 Gold Mining
30:02 Imperial Age
28:24 Scale Barding Armor
28:29 Forging
29:15 Husbandry
29:47 Chain Barding Armor
30:49 Iron Casting
30:20 Cavalier
31:38 Plate Barding Armor
33:10 Blast Furnace
33:03 Gold Shaft Mining
32:27 Paladin
Connection lost

Rejoining the realm…

Still unreachable

The connection could not be restored.

Session expired

The server has moved on; the page needs a fresh start.